 Dungeon Crawl Stone Soup version 0.20.1-1-g8b1a95d (webtiles) character file.

127 Liatris the Skirmisher (level 4, -11/35 HPs)
             Began as a Demonspawn Abyssal Knight on Aug 12, 2017.
             Was a Believer of Lugonu.
             Killed by divine providence
             ... invoked by an orc priest
              (14 damage)
             ... on level 3 of the Dungeon.
             The game lasted 00:12:55 (1938 turns).

Liatris the Skirmisher (Demonspawn Abyssal Knight)  Turns: 1938, Time: 00:12:56

Health: -11/35     AC: 10    Str: 13    XL:     4   Next: 85%
Magic:  5/5        EV: 11    Int: 13    God:    Lugonu [**....]
Gold:   139        SH:  0    Dex: 18    Spells: 3/3 levels left

rFire    . . .     SeeInvis .   a - +2 falchion
rCold    . . .     Gourm    .   (no shield)
rNeg     . . .     Faith    .   c - +0 chain mail
rPois    .         Spirit   .   (no helmet)
rElec    .         Reflect  .   (no cloak)
rCorr    .         Harm     .   (no gloves)
MR       .....                  (no boots)
Stlth    ..........             e - amulet of regeneration
Regen    0.6/turn               (no ring)
MPRegen  0.1/turn               (no ring)

@: agile, about to teleport
A: thin metallic scales 1, powered by pain 1
a: Depart the Abyss, Bend Space, Renounce Religion


You were on level 3 of the Dungeon.
You worshipped Lugonu.
Lugonu was pleased with you.
You were not hungry.

You visited 1 branch of the dungeon, and saw 3 of its levels.
You visited the Abyss 1 time.

You collected 139 gold pieces.

Inventory:

Hand Weapons
 a - a +2 falchion (weapon)
Armour
 b - a +1 leather armour
 c - a +0 chain mail (worn)
 k - a +0 robe of the Archmagi
Jewellery
 d - an uncursed amulet of the gourmand
 e - an amulet of regeneration (around neck)
 o - an uncursed amulet of magic regeneration
Scrolls
 f - a scroll of fog
 i - 3 scrolls of identify
 l - a scroll of remove curse
 p - a scroll of magic mapping
Potions
 g - a potion of invisibility


   Skills:
 + Level 3.5 Fighting
 + Level 3.3 Long Blades
 + Level 2.6 Armour
 + Level 1.4 Dodging
 + Level 0.2 Stealth
 + Level 2.6 Invocations


You had 3 spell levels left.
You didn't know any spells.

Dungeon Overview and Level Annotations

Branches:
Dungeon (3/15)

Altars:
Dithmenos
Nemelex Xobeh


Innate Abilities, Weirdness & Mutations

You are partially covered in thin metallic scales. (AC +2)
You sometimes gain a little power by taking damage.


Message History

The orc priest hits you but does no damage.
Your chain mail prevents you from hitting the orc priest.
The orc priest is moderately wounded.
The orc priest mumbles some strange prayers to Beogh against you.
Pain shoots through your body!
* * * LOW HITPOINT WARNING * * *
You barely miss the orc priest.
The orc priest is moderately wounded.
The orc priest closely misses you.
You hit the orc priest but do no damage.
The orc priest is moderately wounded.
The orc priest hits you but does no damage.
As you read the scroll of teleportation, it crumbles to dust.
You feel strangely unstable. The orc priest hits you with a club.
* * * LOW HITPOINT WARNING * * *
You hit the orc priest.
The orc priest is heavily wounded.
The orc priest mumbles some strange prayers to Beogh against you.
Beogh smites you!
You die...

#.#.# ...
#.#.# ..##.#
#)#.#....#.#
#.†...._...
##.#.#....
#.# # o.. #.#
.###.#
#.####.....#
#...@o.#
######.......
#######


You could see an orc priest.

Vanquished Creatures
  A worker ant (D:3)
  2 adders (D:3)
  2 oozes (D:2)
  3 worms
  A dart slug (D:1)
  2 leopard geckos (D:1)
  3 orcs (D:3)
  A ball python (D:2)
  4 bats
  5 giant cockroaches
  6 goblins
  7 hobgoblins
  6 jackals
  6 kobolds
  3 frilled lizards
  5 rats
57 creatures vanquished.

Notes
Turn   | Place    | Note
-------+----------+-------------------------------------------
     0 | Abyss:1  | Liatris the Demonspawn Abyssal Knight began the quest for the Orb.
     0 | Abyss:1  | Reached XP level 1. HP: 18/18 MP: 2/2
     2 | D:1      | Escaped the Abyss
   547 | D:1      | Gained mutation: You are partially covered in thin metallic scales. (AC +2) [demonic ancestry]
   547 | D:1      | Reached XP level 2. HP: 20/24 MP: 3/3
   654 | D:1      | Reached * piety under Lugonu
   654 | D:1      | Reached skill level 1 in Dodging
   990 | D:2      | Gained mutation: You sometimes gain a little power by taking damage. [demonic ancestry]
   990 | D:2      | Reached XP level 3. HP: 27/29 MP: 4/4
  1326 | D:2      | Reached ** piety under Lugonu
  1499 | D:2      | Found a shadowy altar of Dithmenos.
  1666 | D:3      | Reached XP level 4. HP: 35/35 MP: 5/5
  1838 | D:3      | Found a sparkling altar of Nemelex Xobeh.
  1938 | D:3      | Killed from afar by an orc priest

Skill      XL: |  1  2  3  4 |
---------------+-------------+-----
Long Blades    | 2 3 |  3.3
Armour         | 2 |  2.6
Dodging        | 1 |  1.4
Fighting       | |  3.5
Stealth        | |  0.2
Invocations    | |  2.6

Action                   |  1- 3 |  4- 6 || total
-------------------------+-------+-------++-------
Melee: Falchion          |   127 |    75 ||   202
Invok: Depart the Abyss  |     1 |       ||     1
  Use: Scroll            |     8 |     4 ||    12
       Potion            |     3 |     3 ||     6
 Stab: Invisible         |     1 |       ||     1
  Eat: Bread ration      |     1 |       ||     1
Armor: Leather armour    |    25 |       ||    25
       Chain mail        |    32 |    25 ||    57
Dodge: Dodged            |    63 |    24 ||    87
       Rpst.: Falchion   |    16 |     9 ||    25
